[Event "GambitGuide"]
[Site "Internet Chess Club"]
[Date "2014.10.31"]
[Round "1"]
[White "JSBach"]
[Black "DonaldBumsfeld"]
[Result "1-0"]
[ICCResult "Black checkmated"]
[WhiteElo "1652"]
[BlackElo "1687"]
[Opening "Vienna: `Frankenstein-Dracula' variation"]
[ECO "C27"]
[NIC "VG.02"]
[Time "20:59:14"]
[TimeControl "120+12"]

1. e4 e5 2. Nc3 Nf6 3. Bc4 Nxe4 4. Qh5 Nd6 5. Bb3 Nc6 6. Nb5 g6 7. Qf3 f5 8.
Qd5 Qe7 9. Nxc7+ Kd8 10. Nxa8 b6 11. d3 Bb7 12. Nxb6 axb6 13. Qf3 Bg7 14.
Be3 Kc7 15. Bd5 Re8 16. Ne2 e4 17. Qf4 exd3 18. cxd3 Be5 19. Qa4 Ra8 20. Qb3
Ra5 21. Bxb6+ Kb8 22. Bxc6 dxc6 23. Bxa5 Nb5 24. Rc1 Nd4 25. Nxd4 Bxd4+ 26.
Kf1 c5 27. Qb6 Qe5 28. Re1 Qd5 29. Re8+ Qd8 30. Rxd8# {Black checkmated} 1-0

[Event "GambitGuide"]
[Site "Internet Chess Club"]
[Date "2014.10.31"]
[Round "1"]
[White "JSBach"]
[Black "Alturia7"]
[Result "1-0"]
[ICCResult "Black resigns"]
[WhiteElo "1638"]
[BlackElo "2401"]
[Opening "Vienna: `Frankenstein-Dracula' variation"]
[ECO "C27"]
[NIC "VG.02"]
[Time "21:01:15"]
[TimeControl "120+12"]

1. e4 e5 2. Nc3 Nf6 3. Bc4 Nxe4 4. Qh5 Nd6 5. Bb3 Nc6 6. Nb5 g6 7. Qf3 f5 8.
Qd5 Qe7 9. Nxc7+ Kd8 10. Nxa8 b6 11. d3 Nd4 12. h4 f4 13. Kd2 Bb7 14. Nxb6
axb6 15. Kd1 Bxd5 16. Bxd5 {Black resigns} 1-0

[Event "GambitGuide"]
[Site "Internet Chess Club"]
[Date "2014.10.31"]
[Round "1"]
[White "JSBach"]
[Black "croder"]
[Result "0-1"]
[ICCResult "White checkmated"]
[WhiteElo "1638"]
[BlackElo "1604"]
[Opening "Vienna: `Frankenstein-Dracula' variation"]
[ECO "C27"]
[NIC "VG.02"]
[Time "21:00:36"]
[TimeControl "120+12"]

1. e4 e5 2. Nc3 Nf6 3. Bc4 Nxe4 4. Qh5 Nd6 5. Bb3 Nc6 6. Nb5 g6 7. Qf3 f5 8.
Qd5 Qe7 9. Nxc7+ Kd8 10. Nxa8 b6 11. d3 Bb7 12. Nxb6 axb6 13. Qf3 h6 14. Qg3
Qf6 15. c3 g5 16. Be3 f4 17. Bxb6+ Ke7 18. Qf3 Nd4 19. Qg4 Nxb3 20. axb3 h5
21. Qh3 g4 22. Ra8 Bxa8 23. Qxh5 Rxh5 24. Kf1 e4 25. dxe4 Nxe4 26. Bd4 Qe6
27. Ne2 Nd2+ 28. Ke1 Nxb3 29. Kd1 Nxd4 30. Nxd4 Qd5 31. f3 Bg7 32. fxg4 Rg5
33. Re1+ Kd8 34. g3 Bxd4 35. cxd4 Qxd4+ 36. Kc1 f3 37. Kc2 f2 38. Ra1 Bb7
39. h4 Rc5+ 40. Kb3 Qc4+ 41. Ka3 Rb5 42. b4 Qxb4+ 43. Ka2 Qb2#
{White checkmated}
0-1

[Event "GambitGuide"]
[Site "Internet Chess Club"]
[Date "2014.10.31"]
[Round "1"]
[White "JSBach"]
[Black "ADT"]
[Result "1-0"]
[ICCResult "Black resigns"]
[WhiteElo "1638"]
[BlackElo "1860"]
[Opening "Vienna: `Frankenstein-Dracula' variation"]
[ECO "C27"]
[NIC "VG.02"]
[Time "21:01:02"]
[TimeControl "120+12"]

1. e4 e5 2. Nc3 Nf6 3. Bc4 Nxe4 4. Qh5 Nd6 5. Bb3 Nc6 6. Nb5 g6 7. Qf3 f5 8.
Qd5 Qe7 9. Nxc7+ Kd8 10. Nxa8 b6 11. d3 Bb7 12. Nxb6 axb6 13. Qf3 e4 14.
dxe4 Qxe4+ 15. Be3 Qb4+ 16. c3 Qg4 17. Qxg4 fxg4 18. Bxb6+ Kc8 19. Rd1 Nf5
20. Ne2 Be7 21. O-O Re8 22. Rfe1 h5 23. Bf7 Rf8 24. Bxg6 Nd6 25. b3 h4 26.
Bh5 g3 27. hxg3 hxg3 28. Nxg3 Bh4 29. Rxd6 Bxg3 30. fxg3 {Black resigns} 1-0

[Event "GambitGuide"]
[Site "Internet Chess Club"]
[Date "2014.10.31"]
[Round "1"]
[White "JSBach"]
[Black "ericsfriend"]
[Result "1-0"]
[ICCResult "Black resigns"]
[WhiteElo "1638"]
[BlackElo "1153"]
[Opening "Vienna: `Frankenstein-Dracula' variation"]
[ECO "C27"]
[NIC "VG.02"]
[Time "20:59:55"]
[TimeControl "120+12"]

1. e4 e5 2. Nc3 Nf6 3. Bc4 Nxe4 4. Qh5 Nd6 5. Bb3 Nc6 6. Nb5 g6 7. Qf3 f5 8.
Qd5 Qe7 9. Nxc7+ Kd8 10. Nxa8 b6 11. d3 Nd4 12. f4 exf4+ 13. Kd1 Bb7 14.
Qxd4 Bxg2 15. Nxb6 f3 16. Bg5 Bxh1 17. Bxe7+ Bxe7 18. Qxh8+ Kc7 19. Nd5+ Kc6
20. Nxe7+ Kc5 21. Qe5+ Kb6 22. Qxd6+ {Black resigns} 1-0

[Event "GambitGuide"]
[Site "Internet Chess Club"]
[Date "2014.10.31"]
[Round "1"]
[White "JSBach"]
[Black "BraafPaard"]
[Result "0-1"]
[ICCResult "White checkmated"]
[WhiteElo "1639"]
[BlackElo "1500"]
[Opening "Vienna: `Frankenstein-Dracula' variation"]
[ECO "C27"]
[NIC "VG.02"]
[Time "20:56:30"]
[TimeControl "120+12"]

1. e4 e5 2. Nc3 Nf6 3. Bc4 Nxe4 4. Qh5 Nd6 5. Bb3 Nc6 6. Nb5 g6 7. Qf3 f5 8.
Qd5 Qe7 9. Nxc7+ Kd8 10. Nxa8 b6 11. d3 Nd4 12. h4 f4 13. Kd2 Bb7 14. Nxb6
axb6 15. Kd1 Bxd5 16. Bxd5 N6b5 17. c4 Nc7 18. Be4 Qb4 19. b3 Qc3 20. c5
bxc5 21. h5 g5 22. Bxf4 Qxa1+ 23. Bc1 Qxa2 24. Bxg5+ Be7 25. Be3 Qxb3+ 26.
Ke1 Qb1+ 27. Kd2 Qc2+ 28. Ke1 h6 29. g4 Bg5 30. Bg6 Bxe3 31. fxe3 Nde6 32.
Rh4 Ng5 33. Bf5 Nd5 34. Bg6 Nxe3 35. Rh1 Rf8 36. Bf5 Nxf5 37. gxf5 Rxf5 38.
d4 exd4 39. Nf3 Rxf3 40. Rg1 Qc1+ 41. Ke2 Qxg1 42. Kd2 Qg2+ 43. Ke1 Rf1#
{White checkmated}
0-1

[Event "GambitGuide"]
[Site "Internet Chess Club"]
[Date "2014.10.31"]
[Round "1"]
[White "JSBach"]
[Black "croder"]
[Result "1-0"]
[ICCResult "Black resigns"]
[WhiteElo "1639"]
[BlackElo "1604"]
[Opening "Vienna: `Frankenstein-Dracula' variation"]
[ECO "C27"]
[NIC "VG.02"]
[Time "21:02:22"]
[TimeControl "120+12"]

1. e4 e5 2. Nc3 Nf6 3. Bc4 Nxe4 4. Qh5 Nd6 5. Bb3 Nc6 6. Nb5 g6 7. Qf3 f5 8.
Qd5 Qe7 9. Nxc7+ Kd8 10. Nxa8 b6 11. d3 Bb7 12. Nxb6 axb6 13. Qf3 h6 14. Qg3
Qf6 15. Nf3 g5 16. Be3 f4 17. Bxb6+ Ke7 18. Qg4 Nd4 19. Nxd4 exd4 20. Qe2+
Ne4 21. Bc5+ d6 22. Bxd6+ Kxd6 23. dxe4 g4 24. Qxg4 Qe5 25. f3 Be7 26. Rd1
Bg5 27. O-O h5 28. Qf5 Qxf5 29. exf5 Kc5 30. Be6 Bd8 31. b4+ Kxb4 32. Rb1+
Kc5 33. Rxb7 Ba5 34. a4 Bd2 35. Rb5+ Kc6 36. Bd5+ Kc7 37. f6 Be3+ 38. Kh1
Rd8 39. a5 Rb8 40. Rxb8 Kxb8 41. f7 {Black resigns} 1-0

[Event "GambitGuide"]
[Site "Internet Chess Club"]
[Date "2014.10.31"]
[Round "1"]
[White "JSBach"]
[Black "croder"]
[Result "1-0"]
[ICCResult "Black resigns"]
[WhiteElo "1639"]
[BlackElo "1604"]
[Opening "Vienna: `Frankenstein-Dracula' variation"]
[ECO "C27"]
[NIC "VG.02"]
[Time "21:03:57"]
[TimeControl "120+12"]

1. e4 e5 2. Nc3 Nf6 3. Bc4 Nxe4 4. Qh5 Nd6 5. Bb3 Nc6 6. Nb5 g6 7. Qf3 f5 8.
Qd5 Qe7 9. Nxc7+ Kd8 10. Nxa8 b6 11. d3 Bb7 12. Nxb6 axb6 13. Qf3 Nd4 14.
Qg3 Nxb3 15. axb3 Qf6 16. Bg5 {Black resigns} 1-0

[Event "GambitGuide"]
[Site "Internet Chess Club"]
[Date "2014.10.31"]
[Round "1"]
[White "JSBach"]
[Black "ericsfriend"]
[Result "1-0"]
[ICCResult "Black resigns"]
[WhiteElo "1639"]
[BlackElo "1153"]
[Opening "Vienna: `Frankenstein-Dracula' variation"]
[ECO "C27"]
[NIC "VG.02"]
[Time "21:02:32"]
[TimeControl "120+12"]

1. e4 e5 2. Nc3 Nf6 3. Bc4 Nxe4 4. Qh5 Nd6 5. Bb3 Nc6 6. Nb5 g6 7. Qf3 f5 8.
Qd5 Qe7 9. Nxc7+ Kd8 10. Nxa8 b6 11. d3 Bg7 12. Nh3 Re8 13. Bg5 Bf6 14. O-O
Bxg5 15. Nxg5 Bb7 16. Qxd6 Qxg5 17. Qc7+ Ke7 18. Qxb7 f4 19. Nc7 Rf8 20. Ne6
Qxg2+ 21. Kxg2 f3+ 22. Kg3 Rf5 23. Bd5 Nd4 24. Nxd4 Rg5+ 25. Kxf3 h5 26. Nb5
{Black resigns}
1-0

[Event "GambitGuide"]
[Site "Internet Chess Club"]
[Date "2014.10.31"]
[Round "1"]
[White "JSBach"]
[Black "croder"]
[Result "1-0"]
[ICCResult "Black resigns"]
[WhiteElo "1639"]
[BlackElo "1604"]
[Opening "Vienna: `Frankenstein-Dracula' variation"]
[ECO "C27"]
[NIC "VG.02"]
[Time "21:04:21"]
[TimeControl "120+12"]

1. e4 e5 2. Nc3 Nf6 3. Bc4 Nxe4 4. Qh5 Nd6 5. Bb3 Nc6 6. Nb5 g6 7. Qf3 f5 8.
Qd5 Qe7 9. Nxc7+ Kd8 10. Nxa8 b6 11. d3 Bb7 12. Nxb6 axb6 13. Qf3 Qf6 14.
Qe3 Kc7 15. Qg5 Qxg5 16. Bxg5 h6 17. Bf6 Rh7 18. Bg8 Rg7 19. Bxg7 Bxg7 20.
Bd5 Ne7 21. Bxb7 Nxb7 22. Rc1 Nd5 23. Nf3 d6 24. a4 Na5 25. Kd2 g5 26. Rhe1
e4 27. dxe4 fxe4 28. Rxe4 Nf4 29. Re7+ Kc6 30. Rxg7 Nxg2 31. Rg6 Nf4 32.
Rxh6 Nc4+ 33. Kc3 Na5 34. Nd4+ Kc5 35. b4+ Kd5 36. bxa5 {Black resigns} 1-0

[Event "GambitGuide"]
[Site "Internet Chess Club"]
[Date "2014.10.31"]
[Round "1"]
[White "JSBach"]
[Black "RamRock"]
[Result "1-0"]
[ICCResult "Black resigns"]
[WhiteElo "1639"]
[BlackElo "1685"]
[Opening "Vienna: `Frankenstein-Dracula' variation"]
[ECO "C27"]
[NIC "VG.02"]
[Time "21:05:50"]
[TimeControl "120+12"]

1. e4 e5 2. Nc3 Nf6 3. Bc4 Nxe4 4. Qh5 Nd6 5. Bb3 Nc6 6. Nb5 g6 7. Qf3 f5 8.
Qd5 Qe7 9. Nxc7+ Kd8 10. Nxa8 b6 11. d3 Bb7 12. Nxb6 axb6 13. Qf3 Bg7 14.
Qg3 Nd4 15. Bg5 Bf6 16. Bxf6 Qxf6 17. Ba4 Bc6 18. Bb3 Nxb3 19. axb3 Ke7 20.
Ra6 b5 21. Nf3 Kf7 22. Nxe5+ Kg7 23. Nxc6 dxc6 24. Rxc6 Re8+ 25. Kf1 Re6 26.
Rc7+ Kg8 27. Qh3 Re7 28. Rxe7 Qxe7 29. Qg3 {Black resigns} 1-0

[Event "GambitGuide"]
[Site "Internet Chess Club"]
[Date "2014.10.31"]
[Round "1"]
[White "JSBach"]
[Black "croder"]
[Result "1/2-1/2"]
[ICCResult "Game drawn by repetition"]
[WhiteElo "1639"]
[BlackElo "1604"]
[Opening "Vienna: `Frankenstein-Dracula' variation"]
[ECO "C27"]
[NIC "VG.02"]
[Time "21:05:25"]
[TimeControl "120+12"]

1. e4 e5 2. Nc3 Nf6 3. Bc4 Nxe4 4. Qh5 Nd6 5. Bb3 Nc6 6. Nb5 g6 7. Qf3 f5 8.
Qd5 Qe7 9. Nxc7+ Kd8 10. Nxa8 b6 11. d3 Bb7 12. Nxb6 axb6 13. Qf3 Kc7 14.
Bd2 h6 15. Qg3 Qf6 16. Nf3 g5 17. Bd5 f4 18. Qg4 Nd4 19. Nxd4 exd4 20. Bxb7
Nxb7 21. Qf3 Bd6 22. Qe4 Nc5 23. Qe2 h5 24. O-O-O g4 25. f3 gxf3 26. Qxf3
Qe6 27. Bxf4 Qxa2 28. Bxd6+ Kxd6 29. Qf6+ Ne6 30. Qxh8 Qa1+ 31. Kd2 Qxb2 32.
Qxh5 Qc3+ 33. Kc1 Qa1+ 34. Kd2 Qc3+ 35. Kc1 Qa1+ 36. Kd2 Qc3+
{Game drawn by repetition}
1/2-1/2

[Event "GambitGuide"]
[Site "Internet Chess Club"]
[Date "2014.10.31"]
[Round "1"]
[White "JSBach"]
[Black "ericsfriend"]
[Result "1-0"]
[ICCResult "Black resigns"]
[WhiteElo "1639"]
[BlackElo "1153"]
[Opening "Vienna: `Frankenstein-Dracula' variation"]
[ECO "C27"]
[NIC "VG.02"]
[Time "21:05:24"]
[TimeControl "120+12"]

1. e4 e5 2. Nc3 Nf6 3. Bc4 Nxe4 4. Qh5 Nd6 5. Bb3 Nc6 6. Nb5 g6 7. Qf3 f5 8.
Qd5 Qe7 9. Nxc7+ Kd8 10. Nxa8 b6 11. d3 e4 12. dxe4 Nxe4 13. Be3 Bg7 14.
O-O-O Nc3 15. Qxc6 Nxd1 16. Qc7+ Ke8 17. Qxc8+ Qd8 18. Nc7+ Ke7 19. Bg5+
{Black resigns}
1-0

[Event "GambitGuide"]
[Site "Internet Chess Club"]
[Date "2014.10.31"]
[Round "1"]
[White "JSBach"]
[Black "SoWhat"]
[Result "0-1"]
[ICCResult "White checkmated"]
[WhiteElo "1639"]
[BlackElo "2305"]
[Opening "Vienna: `Frankenstein-Dracula' variation"]
[ECO "C27"]
[NIC "VG.02"]
[Time "21:04:20"]
[TimeControl "120+12"]

1. e4 e5 2. Nc3 Nf6 3. Bc4 Nxe4 4. Qh5 Nd6 5. Bb3 Nc6 6. Nb5 g6 7. Qf3 f5 8.
Qd5 Qe7 9. Nxc7+ Kd8 10. Nxa8 b6 11. d3 Bg7 12. Nh3 Bb7 13. Bg5 Bf6 14. Nxb6
axb6 15. g3 Nd4 16. Qxb7 Nxb7 17. Be3 Nc5 18. O-O Kc7 19. Bxd4 exd4 20. Rae1
Qd6 21. Bc4 g5 22. Re2 f4 23. gxf4 gxf4 24. Rd1 Ne6 25. Rde1 Rg8+ 26. Kh1 f3
27. Bxe6 Rg2 28. Nf4 Qxf4 29. Bd5 Qxh2# {White checkmated} 0-1

[Event "GambitGuide"]
[Site "Internet Chess Club"]
[Date "2014.10.31"]
[Round "1"]
[White "JSBach"]
[Black "RamRock"]
[Result "1-0"]
[ICCResult "Black resigns"]
[WhiteElo "1658"]
[BlackElo "1685"]
[Opening "Vienna: `Frankenstein-Dracula' variation"]
[ECO "C27"]
[NIC "VG.02"]
[Time "21:06:39"]
[TimeControl "120+12"]

1. e4 e5 2. Nc3 Nf6 3. Bc4 Nxe4 4. Qh5 Nd6 5. Bb3 Nc6 6. Nb5 g6 7. Qf3 f5 8.
Qd5 Qe7 9. Nxc7+ Kd8 10. Nxa8 b6 11. d3 Bb7 12. Nxb6 axb6 13. Qf3 e4 14.
dxe4 Nxe4 15. Be3 Nc5 16. O-O-O Bg7 17. Bd5 Qe5 18. c3 Qe7 19. Bxc6 Bxc6 20.
Qxc6 {Black resigns} 1-0

[Event "GambitGuide"]
[Site "Internet Chess Club"]
[Date "2014.10.31"]
[Round "1"]
[White "JSBach"]
[Black "graccus"]
[Result "0-1"]
[ICCResult "White checkmated"]
[WhiteElo "1658"]
[BlackElo "1364"]
[Opening "Vienna: `Frankenstein-Dracula' variation"]
[ECO "C27"]
[NIC "VG.02"]
[Time "21:03:49"]
[TimeControl "120+12"]

1. e4 e5 2. Nc3 Nf6 3. Bc4 Nxe4 4. Qh5 Nd6 5. Bb3 Nc6 6. Nb5 g6 7. Qf3 f5 8.
Qd5 Qe7 9. Nxc7+ Kd8 10. Nxa8 b6 11. d3 Bb7 12. Nxb6 axb6 13. Qf3 Nd4 14.
Qh3 f4 15. Ba4 Bc6 16. Bb3 h5 17. Bd2 g5 18. Bb4 g4 19. Bxd6 Qxd6 20. Qh4+
Be7 21. Qxe7+ Qxe7 22. Kf1 f3 23. gxf3 Nxf3 24. Nxf3 Bxf3 25. Rg1 Qh4 26. c3
Qxh2 27. Rc1 h4 28. Rc2 g3 29. fxg3 hxg3 30. Rxh2 gxh2 31. Kf2 h1=Q 32. Rxh1
Bxh1 33. Kg3 Ke7 34. a4 Kd6 35. Bd1 Kc5 36. b4+ Kd5 37. a5 bxa5 38. bxa5 Kc5
39. Bg4 d6 40. c4 Kd4 41. Bf5 Bb7 42. Kg4 Ba6 43. Kg3 Bxc4 44. dxc4 Kxc4 45.
Bd7 d5 46. Bg4 d4 47. Be2+ d3 48. Bf3 d2 49. a6 Kc3 50. Kf2 Kb2 51. Ke3 Kc1
52. Ke4 d1=Q 53. Bxd1 Kxd1 54. a7 Ra8 55. Kd5 Rxa7 56. Kxe5 Kd2 57. Ke4 Ra5
58. Kd4 Ra3 59. Kd5 Rc3 60. Kd4 Rd3+ 61. Ke4 Ke2 62. Kf4 Re3 63. Kf5 Kf3 64.
Kg5 Re4 65. Kf5 Ke3 66. Kg6 Re5 67. Kf7 Ke4 68. Kg6 Rf5 69. Kg7 Ke5 70. Kg6
Ke6 71. Kh6 Kf6 72. Kh7 Rg5 73. Kh6 Kf5 74. Kh7 Rg6 75. Kh8 Kf6 76. Kh7 Kf7
77. Kh8 Rh6# {White checkmated} 0-1

[Event "GambitGuide"]
[Site "Internet Chess Club"]
[Date "2014.10.31"]
[Round "1"]
[White "JSBach"]
[Black "RamRock"]
[Result "1-0"]
[ICCResult "Black resigns"]
[WhiteElo "1658"]
[BlackElo "1685"]
[Opening "Vienna: `Frankenstein-Dracula' variation"]
[ECO "C27"]
[NIC "VG.02"]
[Time "21:07:29"]
[TimeControl "120+12"]

1. e4 e5 2. Nc3 Nf6 3. Bc4 Nxe4 4. Qh5 Nd6 5. Bb3 Nc6 6. Nb5 g6 7. Qf3 f5 8.
Qd5 Qe7 9. Nxc7+ Kd8 10. Nxa8 b6 11. d3 Bb7 12. Nxb6 axb6 13. Qf3 Na5 14.
Qe3 Nxb3 15. axb3 b5 16. Nf3 Bg7 17. Qb6+ Ke8 18. c4 bxc4 19. Bg5 Bf6 20.
Bxf6 Qxf6 21. dxc4 Bxf3 22. gxf3 Ke7 23. c5 Nf7 24. Qxf6+ Kxf6 25. Ra7 Ke6
26. O-O Rc8 27. b4 Nd8 28. Rd1 Nc6 29. Rd6+ Ke7 30. Raxd7+ Ke8 31. Rxh7 Nxb4
32. Rh8+ Ke7 33. Rxc8 {Black resigns} 1-0

[Event "GambitGuide"]
[Site "Internet Chess Club"]
[Date "2014.10.31"]
[Round "1"]
[White "JSBach"]
[Black "ericsfriend"]
[Result "1-0"]
[ICCResult "Black checkmated"]
[WhiteElo "1658"]
[BlackElo "1153"]
[Opening "Vienna: `Frankenstein-Dracula' variation"]
[ECO "C27"]
[NIC "VG.02"]
[Time "21:06:49"]
[TimeControl "120+12"]

1. e4 e5 2. Nc3 Nf6 3. Bc4 Nxe4 4. Qh5 Nd6 5. Bb3 Nc6 6. Nb5 g6 7. Qf3 f5 8.
Qd5 Qe7 9. Nxc7+ Kd8 10. Nxa8 b6 11. d3 e4 12. dxe4 Nxe4 13. Be3 Bg7 14.
O-O-O Bxb2+ 15. Kxb2 Na5 16. Nxb6 Nxb3 17. Nxc8 Kxc8 18. Qa8+ Kc7 19. Qxa7+
Kc6 20. Qb6# {Black checkmated} 1-0

[Event "GambitGuide"]
[Site "Internet Chess Club"]
[Date "2014.10.31"]
[Round "1"]
[White "JSBach"]
[Black "croder"]
[Result "1-0"]
[ICCResult "Black resigns"]
[WhiteElo "1658"]
[BlackElo "1604"]
[Opening "Vienna: `Frankenstein-Dracula' variation"]
[ECO "C27"]
[NIC "VG.02"]
[Time "21:06:45"]
[TimeControl "120+12"]

1. e4 e5 2. Nc3 Nf6 3. Bc4 Nxe4 4. Qh5 Nd6 5. Bb3 Nc6 6. Nb5 g6 7. Qf3 f5 8.
Qd5 Qe7 9. Nxc7+ Kd8 10. Nxa8 b6 11. d3 Bb7 12. Nxb6 axb6 13. Qf3 Qf6 14.
Qe3 Kc7 15. Qg5 Qxg5 16. Bxg5 Be7 17. Nh3 Bxg5 18. Nxg5 h6 19. Nf3 Re8 20.
Bd5 Ne7 21. Bxb7 Nxb7 22. Ke2 Nc6 23. Rhe1 Nd6 24. Rac1 e4 25. dxe4 Nxe4 26.
a3 Ng3+ 27. Kd2 Ne4+ 28. Ke3 Nc5+ 29. Kd2 Ne4+ 30. Ke2 d5 31. Ke3 Ng5+ 32.
Kf4 Nxf3 33. Rxe8 Nd2 34. h3 Ne4 35. Re6 Nxf2 36. Rxg6 Ne4 37. Rxh6 b5 38.
Kxf5 Nd4+ 39. Ke5 Ne2 40. Re1 N2g3 41. Kxd5 Nf2 42. Kc5 Nge4+ 43. Kxb5 Nd6+
44. Kb4 Nfe4 45. Rh4 Nf6 46. c4 Nd7 47. g4 Kc6 48. g5 Nf5 49. Rf4 Nd6 50. g6
Nb8 51. g7 Na6+ 52. Kc3 {Black resigns} 1-0

[Event "GambitGuide"]
[Site "Internet Chess Club"]
[Date "2014.10.31"]
[Round "1"]
[White "JSBach"]
[Black "BraafPaard"]
[Result "1-0"]
[ICCResult "Black resigns"]
[WhiteElo "1658"]
[BlackElo "1500"]
[Opening "Vienna: `Frankenstein-Dracula' variation"]
[ECO "C27"]
[NIC "VG.02"]
[Time "21:05:51"]
[TimeControl "120+12"]

1. e4 e5 2. Nc3 Nf6 3. Bc4 Nxe4 4. Qh5 Nd6 5. Bb3 Nc6 6. Nb5 g6 7. Qf3 f5 8.
Qd5 Qe7 9. Nxc7+ Kd8 10. Nxa8 b6 11. d3 Nd4 12. h4 f4 13. Kd2 Bb7 14. Nxb6
axb6 15. Kd1 Bxd5 16. Bxd5 g5 17. c3 Nc6 18. Nf3 g4 19. Ng5 h6 20. Ne6+ dxe6
21. Bxc6 Qc7 22. Ba4 b5 23. Bb3 Ke7 24. Re1 Kf6 25. d4 e4 26. Bxf4 Kf5 27.
Bh2 Nc4 28. Bxc7 {Black resigns} 1-0

[Event "GambitGuide"]
[Site "Internet Chess Club"]
[Date "2014.10.31"]
[Round "1"]
[White "JSBach"]
[Black "RamRock"]
[Result "1-0"]
[ICCResult "Black resigns"]
[WhiteElo "1658"]
[BlackElo "1685"]
[Opening "Vienna: `Frankenstein-Dracula' variation"]
[ECO "C27"]
[NIC "VG.02"]
[Time "21:09:07"]
[TimeControl "120+12"]

1. e4 e5 2. Nc3 Nf6 3. Bc4 Nxe4 4. Qh5 Nd6 5. Bb3 Nc6 6. Nb5 g6 7. Qf3 f5 8.
Qd5 Qe7 9. Nxc7+ Kd8 10. Nxa8 b6 11. d3 Bb7 12. Nxb6 axb6 13. Qf3 Bg7 14.
Be3 b5 15. Bd5 Nb4 16. Bg5 Bf6 17. Bxb7 Nxb7 18. Kd1 Nd6 19. Qa8+ Nc8 20.
Bxf6 Qxf6 21. Qa5+ Qb6 22. Qxb4 Qxf2 23. g3 Qf1+ 24. Qe1 Qxe1+ 25. Kxe1
{Black resigns}
1-0

[Event "GambitGuide"]
[Site "Internet Chess Club"]
[Date "2014.10.31"]
[Round "1"]
[White "JSBach"]
[Black "croder"]
[Result "1-0"]
[ICCResult "Black resigns"]
[WhiteElo "1658"]
[BlackElo "1604"]
[Opening "Vienna: `Frankenstein-Dracula' variation"]
[ECO "C27"]
[NIC "VG.02"]
[Time "21:09:08"]
[TimeControl "120+12"]

1. e4 e5 2. Nc3 Nf6 3. Bc4 Nxe4 4. Qh5 Nd6 5. Bb3 Nc6 6. Nb5 g6 7. Qf3 f5 8.
Qd5 Qe7 9. Nxc7+ Kd8 10. Nxa8 b6 11. d3 Bb7 12. Nxb6 axb6 13. Qf3 Kc7 14.
Be3 Qf6 15. Bd5 Nd4 16. Bxd4 exd4 17. Ne2 Bxd5 18. Qxd5 Bh6 19. Nxd4 Re8+
20. Kf1 Qe5 21. Qxe5 Rxe5 22. Re1 Ra5 23. a3 Bd2 24. Re7 Rd5 25. Nb3 Bg5 26.
Rxh7 Re5 27. h4 Bf6 28. Rh6 Be7 29. Rxg6 f4 30. Rg4 Rf5 31. Nd4 Rf7 32. Ke2
Bf8 33. Re1 Bg7 34. c3 Bxd4 35. cxd4 Nb5 36. Rc1+ Kb7 37. Rc4 d5 38. Rb4 Kc6
39. Kf3 Nd6 40. Rxf4 Rg7 41. g4 b5 42. h5 Nf7 43. Rf6+ Kc7 44. Rxb5 Ng5+ 45.
Kg3 Nf7 46. f4 Nd6 47. Rc5+ Kd7 48. Rxd5 Kc7 49. Rdxd6 {Black resigns} 1-0

[Event "GambitGuide"]
[Site "Internet Chess Club"]
[Date "2014.10.31"]
[Round "1"]
[White "JSBach"]
[Black "Roy"]
[Result "0-1"]
[ICCResult "White checkmated"]
[WhiteElo "1658"]
[BlackElo "1342"]
[Opening "Vienna: `Frankenstein-Dracula' variation"]
[ECO "C27"]
[NIC "VG.02"]
[Time "21:02:00"]
[TimeControl "120+12"]

1. e4 e5 2. Nc3 Nf6 3. Bc4 Nxe4 4. Qh5 Nd6 5. Bb3 Nc6 6. Nb5 g6 7. Qf3 f5 8.
Qd5 Qe7 9. Nxc7+ Kd8 10. Nxa8 b6 11. d3 Bb7 12. Nxb6 axb6 13. Qf3 Bg7 14.
Be3 Kc7 15. Bd5 e4 16. Qe2 Re8 17. dxe4 Nxe4 18. Qb5 Nc5 19. O-O-O Ba6 20.
Bxc5 Bxb5 21. Bxe7 Rxe7 22. c4 Ba6 23. Rd3 Bh6+ 24. Kd1 Nb4 25. Ra3 Bg7 26.
Ra4 Nxd5 27. Rxa6 Kb7 28. Ra4 Nf4 29. g3 Nd3 30. Kc2 Nxf2 31. c5 Nxh1 32.
Rb4 Re6 33. cxb6 Rxb6 34. Rxb6+ Kxb6 35. b4 Nf2 36. a4 Ne4 37. Kd3 Nc3 38.
Kc4 Nxa4 39. Kb3 Nb2 40. Ne2 Nd3 41. Kc4 Ne5+ 42. Kb3 Nc6 43. Nf4 Kb5 44.
Nd5 Nd4+ 45. Ka3 Nc2+ 46. Kb3 Nxb4 47. Nxb4 Kc5 48. Nc2 Bd4 49. h3 Bf2 50.
g4 fxg4 51. hxg4 h5 52. Nb4 Bg3 53. Na6+ Kc6 54. Nb4+ Kc7 55. Nd5+ Kd6 56.
gxh5 gxh5 57. Kc4 h4 58. Ne3 Ke5 59. Ng4+ Kf4 60. Nf6 h3 61. Nd5+ Kf3 62.
Nf6 h2 63. Nxd7 h1=Q 64. Nc5 Qh4+ 65. Kd3 Bf2 66. Nb3 Qe4+ 67. Kc3 Be1+ 68.
Kb2 Qb4 69. Kc2 Qc3+ 70. Kd1 Qxb3+ 71. Kxe1 Qc2 72. Kf1 Qf2# {White
checkmated} 0-1

[Event "GambitGuide"]
[Site "Internet Chess Club"]
[Date "2014.10.31"]
[Round "1"]
[White "JSBach"]
[Black "RamRock"]
[Result "1-0"]
[ICCResult "Black resigns"]
[WhiteElo "1639"]
[BlackElo "1685"]
[Opening "Vienna: `Frankenstein-Dracula' variation"]
[ECO "C27"]
[NIC "VG.02"]
[Time "21:09:53"]
[TimeControl "120+12"]

1. e4 e5 2. Nc3 Nf6 3. Bc4 Nxe4 4. Qh5 Nd6 5. Bb3 Nc6 6. Nb5 g6 7. Qf3 f5 8.
Qd5 Qe7 9. Nxc7+ Kd8 10. Nxa8 b6 11. d3 Bb7 12. Nxb6 axb6 13. Qf3 Nd4 14.
Qg3 Nxb3 15. axb3 Bg7 16. Be3 b5 17. Bg5 Bf6 18. Bxf6 Qxf6 19. Nf3 e4 20.
Ne5 f4 21. Ng4 fxg3 22. Nxf6 gxf2+ 23. Kxf2 exd3 24. c4 bxc4 25. bxc4 Nxc4
26. Ra7 Bc6 27. b3 Nd6 28. Rf1 Ne4+ 29. Kg1 Nxf6 30. Rxf6 Re8 31. Rf1 Re2
32. Rf8+ Ke7 33. Rf2 Re1+ 34. Rf1 Re2 35. Rf2 Rc2 36. Ra1 Kd6 37. Rd1 Bb5
38. Rxc2 {Black resigns} 1-0

[Event "GambitGuide"]
[Site "Internet Chess Club"]
[Date "2014.10.31"]
[Round "1"]
[White "JSBach"]
[Black "FischerKing"]
[Result "1-0"]
[ICCResult "Black resigns"]
[WhiteElo "1639"]
[BlackElo "1739"]
[Opening "Vienna: `Frankenstein-Dracula' variation"]
[ECO "C27"]
[NIC "VG.02"]
[Time "21:12:15"]
[TimeControl "120+12"]

1. e4 e5 2. Nc3 Nf6 3. Bc4 Nxe4 4. Qh5 Nd6 5. Bb3 Nc6 6. Nb5 g6 7. Qf3 f5 8.
Qd5 Qe7 9. Nxc7+ Kd8 10. Nxa8 b6 11. d3 Bb7 12. Nxb6 Nd4 13. Bg5 axb6 14.
Bxe7+ Bxe7 15. Qxe5 {Black resigns} 1-0

[Event "GambitGuide"]
[Site "Internet Chess Club"]
[Date "2014.10.31"]
[Round "1"]
[White "JSBach"]
[Black "croder"]
[Result "1-0"]
[ICCResult "Black checkmated"]
[WhiteElo "1639"]
[BlackElo "1604"]
[Opening "Vienna: `Frankenstein-Dracula' variation"]
[ECO "C27"]
[NIC "VG.02"]
[Time "21:11:04"]
[TimeControl "120+12"]

1. e4 e5 2. Nc3 Nf6 3. Bc4 Nxe4 4. Qh5 Nd6 5. Bb3 Nc6 6. Nb5 g6 7. Qf3 f5 8.
Qd5 Qe7 9. Nxc7+ Kd8 10. Nxa8 b6 11. d3 Bb7 12. Nxb6 axb6 13. Qf3 Kc7 14.
Bd2 Qf6 15. c3 h6 16. Bd5 g5 17. Be3 f4 18. h3 Bg7 19. Bd2 Ne7 20. Bxb7 Nxb7
21. Ne2 Nc5 22. d4 exd4 23. cxd4 Nb7 24. Rc1+ Kb8 25. Bb4 Nc6 26. Bc3 Qe7
27. Qd3 Re8 28. d5 Bxc3+ 29. Rxc3 Ne5 30. Qa6 Qd6 31. O-O Qxd5 32. Qxb6 Nc6
33. Rb3 Nd8 34. Nd4 h5 35. Rc1 g4 36. Qc7+ Ka8 37. Ra3+ Qa5 38. Rxa5+ Nxa5
39. Qxa5+ Kb7 40. Rc7+ Kb8 41. Qa7# {Black checkmated} 1-0